TOP OF THE 1ST |
Chattanooga Lookouts batting - Pitching for Birmingham Barons : LHP Mario Castro
|
Pitching: LHP Mario Castro
|
|
Batting: RHB Mike Craver
|
0-0: Fly out, F9 (Flyball, 89S, EV 97.5 MPH)
|
Batting: RHB Isaiah Easter
|
0-0: Ball 1-0: Ball 2-0: Foul Ball, location: 2F 2-1: Ball 3-1: Base on Balls
|
Batting: LHB Jim Pankratz
|
0-0: Called Strike Isaiah Easter steals 2nd base 0-1: Ball 1-1: Ball 2-1: Ball 3-1: Called Strike 3-2: Ground out 4-3 (Groundball, 4, EV 81.2 MPH) Isaiah Easter to third
|
Batting: RHB Matt Dunn
|
0-0: Ball 1-0: Called Strike 1-1: Ball 2-1: Ball 3-1: Base on Balls
|
Batting: LHB Matt Robertson
|
0-0: Ball 1-0: Called Strike 1-1: DOUBLE (Line Drive, 78M, EV 103.1 MPH) Isaiah Easter scores Matt Dunn to third Runner from 3rd tries for Home, SAFE, throw by CF to home
|
Batting: LHB Israel Montoya
|
0-0: Ball 1-0: Ball 2-0: Swinging Strike 2-1: Foul Ball, location: 2F 2-2: Ball 3-2: Foul Ball, location: 2F 3-2: Strikes out swinging
|
Top of the 1st over - 2 runs, 1 hit, 0 errors, 1 left on base; Chattanooga 2 - Birmingham 0 |
BOTTOM OF THE 1ST |
Birmingham Barons batting - Pitching for Chattanooga Lookouts : RHP Tom Aagaard
|
Pitching: RHP Tom Aagaard
|
|
Batting: RHB Adam Lambert
|
0-0: Foul Ball, location: 2F 0-1: Called Strike 0-2: Ball 1-2: Ground out 4-3 (Groundball, 4MD, EV 85.0 MPH)
|
Batting: SHB In-sung Lee
|
0-0: SINGLE (Line Drive, 34D, EV 95.6 MPH)
|
Batting: LHB Dustin Taylor
|
0-0: Foul Ball, location: 2F 0-1: Ball 1-1: Ball 2-1: Foul Ball, location: 2F 2-2: Ball 3-2: Fielders Choice at 2nd, 6-4 (Groundball, 6, EV 89.4 MPH)
|
Batting: RHB Mike Warzecha
|
0-0: Called Strike Dustin Taylor steals 2nd base 0-1: Ball 1-1: Called Strike 1-2: Fly out, F4 (Popup, 4S, EV 75.0 MPH)
|
Bottom of the 1st over - 0 runs, 1 hit, 0 errors, 1 left on base; Chattanooga 2 - Birmingham 0 |
TOP OF THE 2ND |
Chattanooga Lookouts batting - Pitching for Birmingham Barons : LHP Mario Castro
|
Batting: RHB Bobby Paredes
|
0-0: Called Strike 0-1: Foul Ball, location: 2F 0-2: SINGLE (Groundball, 4M, EV 83.1 MPH) (infield hit)
|
Batting: RHB Bobby Blanchard
|
0-0: Ball 1-0: Ball 2-0: Fielders Choice at 2nd, 2-6 (Groundball, 13S, EV 61.2 MPH)
|
Batting: SHB Duri Chilemba
|
0-0: Ball 1-0: Grounds into double play, 5-4-3 (Groundball, 56S, EV 83.8 MPH)
|
Top of the 2nd over - 0 runs, 1 hit, 0 errors, 0 left on base; Chattanooga 2 - Birmingham 0 |
BOTTOM OF THE 2ND |
Birmingham Barons batting - Pitching for Chattanooga Lookouts : RHP Tom Aagaard
|
Batting: LHB Alberto Carrasco
|
0-0: Fly out, F3 (Popup, 34, EV 66.2 MPH)
|
Batting: RHB Paul Lloyd
|
0-0: Called Strike 0-1: Ball 1-1: Ground out 6-3 (Groundball, 6, EV 82.5 MPH)
|
Batting: LHB Preston Knaak
|
0-0: Foul Ball, location: 2F 0-1: Swinging Strike 0-2: Ball 1-2: Fly out, F8 (Flyball, 78D, EV 100.0 MPH)
|
Bottom of the 2nd over - 0 runs, 0 hits, 0 errors, 0 left on base; Chattanooga 2 - Birmingham 0 |
TOP OF THE 3RD |
Chattanooga Lookouts batting - Pitching for Birmingham Barons : LHP Mario Castro
|
Batting: RHB Mike Craver
|
0-0: Ball 1-0: Called Strike 1-1: Fly out, F3 (Popup, 3L, EV 60.6 MPH)
|
Batting: RHB Isaiah Easter
|
0-0: Bunt for hit to 25 - play at first, batter OUT! 5-3
|
Batting: LHB Jim Pankratz
|
0-0: Ball 1-0: Swinging Strike 1-1: Foul Ball, location: 2F 1-2: Ground out 6-3 (Groundball, 6, EV 81.2 MPH)
|
Top of the 3rd over - 0 runs, 0 hits, 0 errors, 0 left on base; Chattanooga 2 - Birmingham 0 |
BOTTOM OF THE 3RD |
Birmingham Barons batting - Pitching for Chattanooga Lookouts : RHP Tom Aagaard
|
Batting: RHB Jamie Ogilvie
|
0-0: Called Strike 0-1: Foul Ball, location: 2F 0-2: Ball 1-2: Foul Ball, location: 2F 1-2: Ground out 5-3 (Groundball, 56, EV 88.8 MPH)
|
Batting: RHB Felix Torres
|
0-0: Foul Ball, location: 2F 0-1: Ball 1-1: Foul Ball, location: 2F 1-2: Foul Ball, location: 2F 1-2: Ball 2-2: Foul Ball, location: 2F 2-2: Foul Ball, location: 2F 2-2: Ball 3-2: TRIPLE (Line Drive, 9LD, EV 105.6 MPH)
|
Batting: RHB Adam Lambert
|
0-0: Foul Ball, location: 2F 0-1: Called Strike 0-2: Ball 1-2: Ball 2-2: Foul Ball, location: 2F 2-2: Foul Ball, location: 2F 2-2: SINGLE (Groundball, 6S, EV 69.4 MPH) (infield hit) Felix Torres scores
|
Pitching: RHP Matthew Lange
|
|
Batting: SHB In-sung Lee
|
0-0: Ball Adam Lambert steals 2nd base 1-0: Ground out 4-3 (Groundball, 4, EV 99.4 MPH) Adam Lambert to third
|
Batting: LHB Dustin Taylor
|
0-0: Ball 1-0: Ball 2-0: Ball 3-0: Called Strike 3-1: Base on Balls
|
Batting: RHB Mike Warzecha
|
Pickoff Throw to First - Out! 1-3
|
Bottom of the 3rd over - 1 run, 2 hits, 0 errors, 1 left on base; Chattanooga 2 - Birmingham 1 |
TOP OF THE 4TH |
Chattanooga Lookouts batting - Pitching for Birmingham Barons : LHP Mario Castro
|
Batting: RHB Matt Dunn
|
0-0: Ball 1-0: Ball 2-0: Ball 3-0: Base on Balls
|
Batting: LHB Matt Robertson
|
0-0: Called Strike 0-1: Ball 1-1: Ball 2-1: Ball 3-1: Called Strike 3-2: Fielders Choice at 2nd, 3-6 (Groundball, 3, EV 84.4 MPH)
|
Batting: LHB Israel Montoya
|
0-0: Ball 1-0: Foul Ball, location: 2F 1-1: Ball 2-1: Called Strike 2-2: Fly out, F8 (Line Drive, 8RM, EV 101.9 MPH)
|
Batting: RHB Bobby Paredes
|
0-0: Ball 1-0: Ball 2-0: Foul Ball, location: 2F 2-1: Fielders Choice at 2nd, U6 (Groundball, 6M, EV 85.0 MPH)
|
Top of the 4th over - 0 runs, 0 hits, 0 errors, 1 left on base; Chattanooga 2 - Birmingham 1 |
BOTTOM OF THE 4TH |
Birmingham Barons batting - Pitching for Chattanooga Lookouts : RHP Matthew Lange
|
Batting: RHB Mike Warzecha
|
0-0: Ball 1-0: SINGLE (Line Drive, 9S, EV 99.4 MPH)
|
Batting: LHB Alberto Carrasco
|
0-0: Called Strike 0-1: Ball 1-1: Fly out, F9 (Line Drive, 9, EV 88.8 MPH)
|
Batting: RHB Paul Lloyd
|
0-0: Hit by Pitch Mike Warzecha to second
|
Batting: LHB Preston Knaak
|
0-0: Ball 1-0: Fielders Choice at 2nd, 1-6 (Groundball, P, EV 63.1 MPH) Mike Warzecha to third
|
Batting: RHB Jamie Ogilvie
|
0-0: Ball 1-0: Swinging Strike 1-1: Ball 2-1: Swinging Strike 2-2: Foul Ball, location: 2F 2-2: Ball 3-2: Base on Balls Preston Knaak to second
|
Batting: RHB Felix Torres
|
0-0: Ball 1-0: Ball 2-0: Swinging Strike 2-1: Ball 3-1: Base on Balls Mike Warzecha scores Preston Knaak to third Jamie Ogilvie to second
|
Pitching: LHP Moronobu Ikeda
|
|
Batting: RHB Adam Lambert
|
0-0: Ground out 5-3 (Groundball, 56S, EV 86.9 MPH)
|
Bottom of the 4th over - 1 run, 1 hit, 0 errors, 3 left on base; Chattanooga 2 - Birmingham 2 |
TOP OF THE 5TH |
Chattanooga Lookouts batting - Pitching for Birmingham Barons : LHP Mario Castro
|
Batting: RHB Bobby Blanchard
|
0-0: Fly out, F9 (Flyball, 9LS, EV 93.8 MPH)
|
Batting: SHB Duri Chilemba
|
0-0: Called Strike 0-1: Ball 1-1: Ball 2-1: Called Strike 2-2: Foul Ball, location: 2F 2-2: Ball 3-2: Strikes out swinging
|
Batting: RHB Mike Craver
|
0-0: Called Strike 0-1: Ball 1-1: Foul Ball, location: 2F 1-2: Ball 2-2: Strikes out looking
|
Top of the 5th over - 0 runs, 0 hits, 0 errors, 0 left on base; Chattanooga 2 - Birmingham 2 |
BOTTOM OF THE 5TH |
Birmingham Barons batting - Pitching for Chattanooga Lookouts : LHP Moronobu Ikeda
|
Batting: SHB In-sung Lee
|
0-0: Called Strike 0-1: Ground out 6-3 (Groundball, 6M, EV 86.2 MPH)
|
Batting: LHB Dustin Taylor
|
0-0: DOUBLE (Groundball, 5L, EV 101.9 MPH)
|
Batting: RHB Mike Warzecha
|
0-0: Called Strike 0-1: Ball 1-1: Ball 2-1: SINGLE (Groundball, 56D, EV 103.8 MPH) Dustin Taylor to third
|
Batting: LHB Alberto Carrasco
|
0-0: Ball 1-0: Swinging Strike 1-1: Ball 2-1: Ball 3-1: Base on Balls Mike Warzecha to second
|
Batting: RHB Paul Lloyd
|
0-0: Fly out, F3 (Popup, 3S, EV 83.1 MPH)
|
Batting: LHB Preston Knaak
|
0-0: SINGLE (Line Drive, 6MD, EV 101.9 MPH) Dustin Taylor scores Mike Warzecha to third Alberto Carrasco to second Runner from 3rd tries for Home, SAFE, throw by CF to home
|
Batting: RHB Jamie Ogilvie
|
0-0: Ball 1-0: Ball 2-0: DOUBLE (Flyball, 8LXD, EV 108.8 MPH) Alberto Carrasco scores Preston Knaak to third Runner from 3rd tries for Home, SAFE, throw by CF to home
|
Batting: RHB Felix Torres
|
0-0: Called Strike 0-1: Swinging Strike 0-2: Fly out, F8 (Flyball, 8RD, EV 96.9 MPH)
|
Bottom of the 5th over - 4 runs, 4 hits, 0 errors, 1 left on base; Chattanooga 2 - Birmingham 6 |
TOP OF THE 6TH |
Chattanooga Lookouts batting - Pitching for Birmingham Barons : LHP Mario Castro
|
Batting: RHB Isaiah Easter
|
0-0: Ball 1-0: Swinging Strike 1-1: Called Strike 1-2: Foul Ball, location: 2F 1-2: Foul Ball, location: 2F 1-2: Ground out 6-3 (Groundball, P, EV 82.5 MPH)
|
Batting: LHB Jim Pankratz
|
0-0: Ball 1-0: Foul Ball, location: 2F 1-1: Swinging Strike 1-2: Foul Ball, location: 2F 1-2: Ball 2-2: Ball 3-2: Fly out, F6 (Popup, 6S, EV 74.4 MPH)
|
Batting: RHB Matt Dunn
|
0-0: Called Strike 0-1: Ground out 4-3 (Groundball, 4, EV 88.8 MPH)
|
Top of the 6th over - 0 runs, 0 hits, 0 errors, 0 left on base; Chattanooga 2 - Birmingham 6 |
BOTTOM OF THE 6TH |
Birmingham Barons batting - Pitching for Chattanooga Lookouts : LHP Moronobu Ikeda
|
Pitching: RHP Justin Gorden
|
|
Batting: RHB Adam Lambert
|
0-0: Ball 1-0: Swinging Strike 1-1: Foul Ball, location: 2F 1-2: Ball 2-2: Ball 3-2: Foul Ball, location: 2F 3-2: Ground out 6-3 (Groundball, 6, EV 77.5 MPH)
|
Batting: SHB In-sung Lee
|
0-0: Ball 1-0: Called Strike 1-1: Called Strike 1-2: Ball 2-2: Strikes out swinging
|
Batting: LHB Dustin Taylor
|
0-0: Ball 1-0: Called Strike 1-1: Ball 2-1: Ball 3-1: Base on Balls
|
Batting: RHB Mike Warzecha
|
0-0: Ground out 4-3 (Groundball, 4, EV 108.8 MPH)
|
Bottom of the 6th over - 0 runs, 0 hits, 0 errors, 1 left on base; Chattanooga 2 - Birmingham 6 |
TOP OF THE 7TH |
Chattanooga Lookouts batting - Pitching for Birmingham Barons : LHP Mario Castro
|
Batting: LHB Matt Robertson
|
0-0: Ball 1-0: Ball 2-0: Called Strike 2-1: Foul Ball, location: 2F 2-2: Ground out U3 (Groundball, 34, EV 81.9 MPH)
|
Pitching: RHP George Cooper
|
|
Batting: LHB Israel Montoya
|
0-0: Ball 1-0: Ball 2-0: Ball 3-0: Called Strike 3-1: Base on Balls
|
Batting: RHB Bobby Paredes
|
0-0: Ball 1-0: Called Strike 1-1: Foul Ball, location: 2F 1-2: Strikes out swinging
|
Batting: RHB Bobby Blanchard
|
0-0: Ball 1-0: Swinging Strike 1-1: Foul Ball, location: 2F 1-2: Strikes out swinging
|
Top of the 7th over - 0 runs, 0 hits, 0 errors, 1 left on base; Chattanooga 2 - Birmingham 6 |
BOTTOM OF THE 7TH |
Birmingham Barons batting - Pitching for Chattanooga Lookouts : RHP Justin Gorden
|
Pitching: RHP Toshiyuki Kawashima
|
|
Batting: LHB Alberto Carrasco
|
0-0: Foul Ball, location: 2F 0-1: Ball 1-1: Called Strike 1-2: Foul Ball, location: 2F 1-2: Ball 2-2: Ball 3-2: Base on Balls
|
Batting: RHB Paul Lloyd
|
0-0: Ball 1-0: Called Strike 1-1: Fly out, F8 (Flyball, 89D, EV 100.6 MPH)
|
Batting: LHB Preston Knaak
|
0-0: Foul Ball, location: 2F 0-1: Called Strike Alberto Carrasco steals 2nd base (no throw) 0-2: Strikes out swinging
|
Batting: RHB Jamie Ogilvie
|
0-0: Ball 1-0: Foul Ball, location: 2F 1-1: Hit by Pitch
|
Batting: RHB Felix Torres
|
0-0: Ball 1-0: Called Strike 1-1: Foul Ball, location: 2F 1-2: Strikes out swinging
|
Bottom of the 7th over - 0 runs, 0 hits, 0 errors, 2 left on base; Chattanooga 2 - Birmingham 6 |
TOP OF THE 8TH |
Chattanooga Lookouts batting - Pitching for Birmingham Barons : RHP George Cooper
|
Batting: SHB Duri Chilemba
|
0-0: Called Strike 0-1: Ball 1-1: Foul Ball, location: 2F 1-2: Ball 2-2: Strikes out swinging
|
Batting: RHB Mike Craver
|
0-0: Ball 1-0: Called Strike 1-1: Foul Ball, location: 2F 1-2: Hit by Pitch
|
Batting: RHB Isaiah Easter
|
0-0: Foul Ball, location: 2F 0-1: Foul Ball, location: 2F 0-2: Foul Ball, location: 2F 0-2: Ball 1-2: Ball 2-2: Grounds into double play, 4-6-3 (Groundball, 4, EV 77.5 MPH)
|
Top of the 8th over - 0 runs, 0 hits, 0 errors, 0 left on base; Chattanooga 2 - Birmingham 6 |
BOTTOM OF THE 8TH |
Birmingham Barons batting - Pitching for Chattanooga Lookouts : RHP Toshiyuki Kawashima
|
Pitching: LHP Antoine Champagne
|
|
Batting: RHB Adam Lambert
|
0-0: Called Strike 0-1: Ball 1-1: TRIPLE (Line Drive, 89XD, EV 105.6 MPH)
|
Batting: SHB In-sung Lee
|
0-0: Ball 1-0: Ball 2-0: Ball 3-0: Base on Balls
|
Batting: LHB Dustin Taylor
|
0-0: Ball 1-0: Foul Ball, location: 2F 1-1: Ball 2-1: Called Strike 2-2: Ball 3-2: Foul Ball, location: 2F 3-2: Foul Ball, location: 2F 3-2: Grounds into double play, 6-4-3 (Groundball, 6, EV 87.5 MPH) Adam Lambert scores
|
Batting: RHB Mike Warzecha
|
0-0: Called Strike 0-1: Ball 1-1: Ball 2-1: Ground out 3-1 (Groundball, 34, EV 76.9 MPH)
|
Bottom of the 8th over - 1 run, 1 hit, 0 errors, 0 left on base; Chattanooga 2 - Birmingham 7 |
TOP OF THE 9TH |
Chattanooga Lookouts batting - Pitching for Birmingham Barons : RHP George Cooper
|
Batting: LHB Jim Pankratz
|
0-0: Foul Ball, location: 2F 0-1: Foul Ball, location: 2F 0-2: Ball 1-2: Ball 2-2: Ball 3-2: Foul Ball, location: 2F 3-2: SINGLE (Line Drive, 6D, EV 103.1 MPH)
|
Batting: RHB Matt Dunn
|
0-0: Ball 1-0: Ball 2-0: Called Strike 2-1: Swinging Strike 2-2: Strikes out swinging
|
Batting: LHB Matt Robertson
|
0-0: Called Strike 0-1: Foul Ball, location: 2F 0-2: Foul Ball, location: 2F 0-2: Ball 1-2: Strikes out swinging
|
Batting: LHB Israel Montoya
|
0-0: Fly out, F9 (Flyball, 9LS, EV 88.8 MPH)
|
Top of the 9th over - 0 runs, 1 hit, 0 errors, 1 left on base; Chattanooga 2 - Birmingham 7 |
|